 Dungeon Crawl Stone Soup version 0.19-a0-414-g76fec5b (webtiles) character file.

191 wvc the Bolt Thrower (level 5, -1/39 HPs)
             Began as a Mummy Wanderer on May 31, 2016.
             Slain by an adder (4 damage)
             ... on level 2 of the Dungeon.
             The game lasted 00:02:30 (1403 turns).

wvc the Bolt Thrower (Mummy Wanderer)               Turns: 1403, Time: 00:02:30

Health: -1/39      AC:  2    Str: 15    XL:     5   Next: 41%
Magic:  5/5        EV: 11    Int: 13    God:
Gold:   61         SH:  0    Dex: 11    Spells: 0 memorised, 4 levels left

rFire  . . .     SeeInvis .     a - +2 hand crossbow
rCold  . . .     Gourm    .     d - +0 robe
rNeg   + + +     Faith    .     (no shield)
rPois  ∞         Spirit   .     (no helmet)
rElec  .         Dismiss  .     (no cloak)
rCorr  .         Reflect  .     (no gloves)
SustAt .         Harm     .     (no boots)
MR     .....                    (no amulet)
Stlth  +.........               (no ring)
                                i - ring of fire

@: not resistant to hostile enchantments, very unstealthy
A: no food or potions, fire vulnerability, cold resistance 1, negative energy
resistance 3, torment resistance, unbreathing
a: no special abilities


You were on level 2 of the Dungeon.
You were not hungry.

You visited 1 branch of the dungeon, and saw 2 of its levels.

You collected 61 gold pieces.

Inventory:

Hand Weapons
 a - a +2 hand crossbow (weapon)
 j - a +0 short sword
Missiles
 b - 16 bolts (quivered)
 k - 32 poisoned needles
 l - 26 arrows
Armour
 d - a +0 robe (worn)
Jewellery
 i - a ring of fire (left hand)
Scrolls
 c - 4 scrolls of teleportation
 e - a scroll of remove curse {unknown}
 f - a scroll of amnesia {unknown}
 g - a scroll of identify {unknown}
 h - a scroll of recharging {unknown}


   Skills:
 - Level 2.7 Fighting
 + Level 5.7 Crossbows
 - Level 1.3 Armour
 - Level 0.7 Dodging
   Level 1.0 Shields
   Level 1.0 Evocations


You had 4 spell levels left.
You didn't know any spells.

Dungeon Overview and Level Annotations

Branches:
Dungeon (2/15)

Altars:


Innate Abilities, Weirdness & Mutations

You do not eat or drink.
Your flesh is vulnerable to fire.
You are immune to poison.
Your flesh is cold resistant. (rC+)
You are immune to negative energy. (rN+++)
You are immune to unholy pain and torment.
You can survive without breathing.


Message History

The adder barely misses you. The adder bites you.
* * * LOW HITPOINT WARNING * * *
Firing (i - inventory):
b - 19 bolts (quivered)
Press: ? - help, Shift-Dir - straight line, f/p - adder
Aim: an adder (severely wounded)
You shoot a bolt. The bolt barely misses the adder.
The adder bites you.
* * * LOW HITPOINT WARNING * * *
Firing (i - inventory):
b - 18 bolts (quivered)
Press: ? - help, Shift-Dir - straight line, f/p - adder
Aim: an adder (severely wounded)
You shoot a bolt. The bolt closely misses the adder.
The adder bites you.
* * * LOW HITPOINT WARNING * * *
The adder closely misses you.
Firing (i - inventory):
b - 17 bolts (quivered)
Press: ? - help, Shift-Dir - straight line, f/p - adder
Aim: an adder (severely wounded)
You shoot a bolt. The bolt hits the adder.
The adder is severely wounded.
The adder bites you.
You die...

.# #.######.# .#
#.# #.# .# #.#
#.# .#########
#.# #.#
.........# #.#
#.# ########†#
#.######.# #.#
#.#......# #.#
#.#.###### #.#
#.#@#
#.#####.#S#
#.......#.#
#########.(....#
#.###### ###


You could see an adder.

Vanquished Creatures
  Sigmund (D:2)
  An adder (D:2)
  An ooze (D:1)
  A dart slug (D:1)
  A giant gecko (D:1)
  3 goblins
  3 hobgoblins
  5 jackals (D:2)
  A kobold (D:1)
  2 bats (D:2)
  3 giant newts
  6 rats
28 creatures vanquished.

Notes
Turn   | Place    | Note
--------------------------------------------------------------
     0 | D:1      | wvc the Mummy Wanderer began the quest for the Orb.
     0 | D:1      | wvc set off with: a +2 hand crossbow, 31 bolts, 2 scrolls of teleportation, a +0 robe
     0 | D:1      | Reached XP level 1. HP: 16/16 MP: 1/1
   347 | D:1      | Reached XP level 2. HP: 23/23 MP: 2/2
  1055 | D:2      | Noticed Sigmund
  1062 | D:2      | Killed Sigmund
  1062 | D:2      | Reached skill level 5 in Crossbows
  1062 | D:2      | Reached XP level 3. HP: 28/28 MP: 3/3
  1062 | D:2      | Reached XP level 4. HP: 34/34 MP: 4/4
  1062 | D:2      | Reached XP level 5. HP: 39/39 MP: 5/5
  1403 | D:2      | Slain by an adder

Vault maps used:
D:1:      mainiacjoe_arrival_reflecting_pool, fountainhead
D:2:      uniq_sigmund

Skill      XL: |  1  2 |
---------------+-------+-----
Crossbows      | 5 |  5.7
Fighting       | |  2.7
Armour         | |  1.3
Dodging        | |  0.7
Shields        | |  1.0
Evocations     | |  1.0

Action                   |  1- 3 |  4- 6 || total
-------------------------+-------+-------++-------
 Fire: Hand crossbow     |    39 |    45 ||    84
Armor: Robe              |       |     7 ||     7
Dodge: Dodged            |     2 |    20 ||    22
